 Dungeon Crawl Stone Soup version 0.31-a0-152-g6aa68a64a1 (webtiles) character file.

Game seed: 17850276481051902193

71 promet the Sneak (level 4, -11/40 HPs)
             Began as a Kobold Brigand on June 9, 2023.
             Killed by an exploding hobgoblin (16 damage)
             ... ignited by their inner flame
             ... on level 2 of the Dungeon.
             The game lasted 00:08:57 (1980 turns).

promet the Sneak (Kobold Brigand)                   Turns: 1980, Time: 00:08:57

Health: -11/40     AC: 22    Str:  8    XL:     4   Next: 47%
Magic:  4/4        EV:  3    Int: 12    God:
Gold:   53         SH:  0    Dex: 18    Spells: 3/3 levels left

rFire   . . .        a - +2 dagger (vamp)
rCold   . . .        (no shield)
rNeg    . . .        q - melded +0 leather armour
rPois   +            (helmet currently unavailable)
rElec   .            c - melded +1 cloak
rCorr   .            o - melded +0 pair of gloves
SInv    .            (boots currently unavailable)
Will    .....        (no amulet)
Stlth   +++++        (no ring)
HPRegen 0.26/turn    (no ring)
MPRegen 0.09/turn

%: no passive effects
@: tree-form, invisible
A: stationary, stasis, torment immunity, boosted hp, small, no large weapons,
nightstalker 3
a: no special abilities


You were on level 2 of the Dungeon.
You were a tree.
You visited 1 branch of the dungeon, and saw 2 of its levels.

You collected 53 gold pieces.

Inventory:

Hand Weapons
 a - a +2 vampiric dagger (weapon)
Missiles
 d - 11 poisoned darts (quivered)
 e - 3 curare-tipped darts
 g - 27 stones
Armour
 c - a +1 cloak (melded)
 o - a +0 pair of gloves (melded)
 q - a +0 leather armour (melded)
Scrolls
 i - 3 scrolls of immolation
 l - a scroll of teleportation
 m - a scroll of blinking {unknown}
Potions
 h - a potion of magic
 n - a potion of mutation


   Skills:
 * Level 2.8 Fighting
 + Level 3.2 Short Blades
 + Level 2.4 Throwing
 + Level 1.4 Dodging
 + Level 6.8 Stealth


You had 3 spell levels left.
You didn't know any spells.
Your spell library was empty.

Dungeon Overview and Level Annotations

Branches:
Dungeon (2/15)

Altars:

Annotations:
D:2 Robin


Innate Abilities, Weirdness & Mutations

You are a tree.
Your roots penetrate the ground, keeping you stationary.
You cannot be teleported.
You are immune to unholy pain and torment.
Your maximum health is greatly increased.
Your equipment is partially melded.
You are small and have problems with some larger weapons.
You are completely attuned to the shadows.


Message History

You feel sick.
The goblin no longer looks unusually strong.
It was a potion of lignification.
You turn into a tree.
Your +1 cloak melds into your body.
Your +0 pair of gloves melds into your body.
Your +0 leather armour melds into your body.
Your roots penetrate the ground.
* * * LOW HITPOINT WARNING * * *
You feel sick.
As you read the scroll labelled OGUTIW PIXKEXE, it crumbles to dust.
The creatures around you are filled with an inner flame!
It was a scroll of immolation.
* * * LOW HITPOINT WARNING * * *
You feel sick.
As you read the scroll labelled PISADE MIPOX, it crumbles to dust.
It is a scroll of brand weapon.
Your +2 dagger thirsts for the lives of mortals!
a - a +2 vampiric dagger (weapon)
* * * LOW HITPOINT WARNING * * *
You feel sick.
The hobgoblin no longer looks unusually strong.
As you read the scroll labelled DORAER TOQ ZUH, it crumbles to dust.
You assume a fearsome visage.
The hobgoblin looks frightened!
The goblin looks frightened! x2; It was a scroll of fear.
* * * LOW HITPOINT WARNING * * *
You feel sick.
You are no longer poisoned.
As you read the scroll labelled TESSET RELEN, it crumbles to dust.
You feel a strange sense of stasis.
It was a scroll of teleportation.
You cannot move.
You cannot move.
You hit the hobgoblin.
Flame seeps out of the hobgoblin.
You feel better.
Your attack snaps the hobgoblin out of its fear.
The hobgoblin shouts!
The hobgoblin is heavily wounded.
You catch the helpless hobgoblin completely off-guard!
You puncture the hobgoblin!
You feel better.
The hobgoblin explodes!
The fiery explosion engulfs you!
You die...

.# #......... #
#####..##
#########..####
...........†......#
################..# #
#..#
################..#
#.............[...###
#.##############♣§g.#
#.# #○##.# #.#
#g##.## #.# #.#...#
#.# #gw)..# #.####
####...# ......
....w.## #.....
..w.†.# ######
......#


You could see a worm (wandering, unable to see you), Robin (inner flame, unable
to see you) and 2 goblins.

Vanquished Creatures
  2 adders (D:2)
  A dart slug (D:1)
  4 ball pythons
  5 endoplasms
  3 giant cockroaches
  8 goblins
  7 hobgoblins
  3 kobolds (D:1)
  A quokka (D:2)
  3 bats
  8 frilled lizards
  4 rats
49 creatures vanquished.

Notes
Turn   | Place    | Note
-------+----------+-------------------------------------------
     0 | D:1      | promet the Kobold Brigand began the quest for the Orb.
     0 | D:1      | Reached XP level 1. HP: 12/12 MP: 1/1
   275 | D:1      | Reached XP level 2. HP: 9/17 MP: 2/2
   699 | D:1      | Reached skill level 6 in Stealth
   816 | D:1      | Reached XP level 3. HP: 21/21 MP: 3/3
  1704 | D:2      | Reached XP level 4. HP: 25/27 MP: 4/4
  1950 | D:2      | Noticed Robin
  1976 | D:2      | HP: 2/40 [poisoned by Robin]
  1980 | D:2      | Killed by an exploding hobgoblin... ignited by their inner
                  | flame

Illustrated notes

Levels and vault maps discovered:
D:1:      minmay_arrival_four_circles, layout_basic, hex_large,
          chequers_decorated_corner, hex_medium, wad_floor_pattern_untrapped
D:2:      layout_loops_ring, uniq_robin

Skill      XL: |  1  2  3 |
---------------+----------+-----
Stealth        | 6 |  6.8
Short Blades   | 3 |  3.2
Fighting       | |  2.8
Throwing       | |  2.4
Dodging        | |  1.4

Action                     |  1- 3 |  4- 6 || total
---------------------------+-------+-------++-------
  Melee: Dagger            |    62 |    24 ||    86
    Use: Scroll            |     3 |     5 ||     8
         Potion            |       |     2 ||     2
   Stab: Sleeping          |    22 |     8 ||    30
         Invisible         |       |     1 ||     1
 Armour: Robe              |     4 |     3 ||     7
         Leather armour    |       |     6 ||     6
  Dodge: Dodged            |    21 |    15 ||    36

Table legend: (Time is in decaauts)
 A = Elapsed time spent in this place.
 B = Non-inter-level travel time spent in this place.
 C = Inter-level travel time spent in this place.
 D = Time resting spent in this place.
 E = Time spent auto-exploring this place.
 F = Levels seen in this place.
 G = Mean time per level.
                   A        B        C        D        E       F      G
               +--------+--------+--------+--------+--------+-----+--------+
         Total |   1966 |   1923 |     43 |    480 |    483 |   2 |  983.0 |
       Dungeon |   1966 |   1923 |     43 |    480 |    483 |   2 |  983.0 |
               +--------+--------+--------+--------+--------+-----+--------+

Top non-repeatable levels by time:
     D:1: 1446 daAuts
     D:2: 519 daAuts
